 Dungeon Crawl Stone Soup version 0.25-a0-435-g4b9beb1024 (webtiles) character file.

Game seed: 4344796558954096370, levelgen mode: deterministic

2810 Elellon the Thaumaturge (level 9, -6/50 HPs)
             Began as a Deep Elf Conjurer on Jan 26, 2020.
             Was a Follower of Vehumet.
             Killed from afar by Erica (13 damage)
             ... with a lance of force
             ... on level 8 of the Dungeon.
             The game lasted 00:14:19 (8881 turns).

Elellon the Thaumaturge (Deep Elf Conjurer)         Turns: 8881, Time: 00:14:20

Health: -6/50      AC:  4    Str:  7    XL:     9   Next: 44%
Magic:  8/25       EV: 15    Int: 22    God:    Vehumet [*.....]
Gold:   226        SH:  0    Dex: 15    Spells: 19/29 levels left

rFire    . . .     SeeInvis .   q - +0 short sword
rCold    + . .     Gourm    .   (no shield)
rNeg     . . .     Faith    .   a - +0 robe
rPois    .         Spirit   .   (no helmet)
rElec    .         Reflect  .   E - +0 cloak
rCorr    .         Harm     .   h - +0 pair of gloves
MR       .....                  (no boots)
Stlth    ++........             D - amulet of magic regeneration
HPRegen  0.16/turn              B - ring of wizardry
MPRegen  0.44/turn              o - ring of protection from cold

@: no status effects
A: no striking features
a: Renounce Religion


You were on level 8 of the Dungeon.
You worshipped Vehumet.
Vehumet was aware of your devotion.
You were hungry.

You visited 2 branches of the dungeon, and saw 9 of its levels.

You collected 330 gold pieces.
You spent 104 gold pieces at shops.

Inventory:

Hand Weapons
 q - a +0 short sword (weapon)
Armour
 a - a +0 robe (worn)
 h - a +0 pair of gloves (worn)
 E - a +0 cloak (worn)
Jewellery
 o - a ring of protection from cold (right hand)
 B - a ring of wizardry (left hand)
 D - an amulet of magic regeneration (around neck)
Wands
 i - a wand of acid (18)
 t - a wand of scattershot (4)
 y - a wand of disintegration (25)
 C - a wand of iceblast (8)
Scrolls
 b - 2 scrolls of blinking
 d - 2 scrolls of fear {unknown}
 e - 3 scrolls of teleportation {unknown}
 g - 7 scrolls of identify
 j - 3 scrolls of enchant weapon {unknown}
 k - a scroll of enchant armour {unknown}
 l - 2 scrolls of immolation {unknown}
 n - 3 scrolls of remove curse
 r - 2 scrolls of amnesia {unknown}
 s - a scroll of magic mapping {unknown}
 G - a scroll of silence {unknown}
 H - 2 scrolls of brand weapon {unknown}
 I - a scroll of summoning {unknown}
Potions
 f - 5 potions of curing
 m - a potion of degeneration {unknown}
 p - a potion of berserk rage {unknown}
 u - a potion of cancellation {unknown}
 v - a potion of brilliance {unknown}
 w - 2 potions of flight {unknown}
 x - a potion of lignification {unknown}
 z - a potion of agility {unknown}
 A - 2 potions of heal wounds
 F - a potion of haste {unknown}
 J - a potion of mutation {unknown}
Comestibles
 c - 12 rations


   Skills:
 + Level 3.1 Fighting
 + Level 5.3 Dodging
 - Level 2.4 Stealth
 + Level 10.5 Spellcasting
 + Level 9.6 Conjurations
 - Level 2.4 Translocations
 + Level 3.2 Poison Magic


You had 19 spell levels left.
You knew the following spells:

 Your Spells              Type           Power        Failure   Level  Hunger
a - Magic Dart            Conj           ####         1%          1    None
b - Searing Ray           Conj           ######       1%          2    None
c - Iskenderun's Mystic   Conj/Tloc      #####...     1%          4    #......
d - Mephitic Cloud        Conj/Pois/Air  ####....     1%          3    None

Your spell library contained the following spells:

 Spells                   Type           Power        Failure   Level  Hunger
 Sandblast                Erth           ##....       2%          1    None
 Blink                    Tloc           N/A          1%          2    None
 Conjure Flame            Conj/Fire      ####....     1%          3    None
 Dazzling Flash           Conj/Hex       ####..       1%          3    None
 Infusion                 Chrm           ##..         2%          1    None
 Shroud of Golubria       Chrm/Tloc      ###...       2%          2    None
 Gell's Gravitas          Tloc           ###.......   2%          3    None
 Call Imp                 Summ           ##......     3%          2    None
 Slow                     Hex            ##......     3%          2    None
 Song of Slaying          Chrm           ##......     3%          2    None
 Fulminant Prism          Conj/Hex       ####......   3%          4    #......
 Confusing Touch          Hex            ##......     7%          3    None
 Ozocubu's Armour         Chrm/Ice       ##......     7%          3    None
 Spectral Weapon          Hex/Chrm       ##......     7%          3    None
 Petrify                  Tmut/Erth      ##......     22%         4    #......
 Metabolic Englaciation   Hex/Ice        ##........   52%         5    ####...
 Yara's Violent Unravell  Hex/Tmut       ##........   52%         5    ####...


Dungeon Overview and Level Annotations

Branches:
Dungeon (8/15)             Temple (1/1) D:7
   Lair: D:8-11

Altars:
Ashenzari
Cheibriados
Elyvilon
Fedhas
Hepliaklqana
Kikubaaqudgha
Makhleb
Nemelex Xobeh
Okawaru
Qazlal
Ru
Sif Muna
Uskayaw
Vehumet
Xom
Yredelemnul
Zin
The Shining One

Shops:
D:4 !

Annotations:
D:3 2 transporters, anything's ghost, amateur DsMo
D:8 Erica


Message History

* * * LOW HITPOINT WARNING * * *
Something burns you.
* * * LOW HITPOINT WARNING * * *
Casting: Iskenderun's Mystic Blast (safe; 1% risk of failure)
Confirm with . or Enter, or press ? or * to list all spells.
You can't see any susceptible monsters within range! (Use Z to cast anyway.)
Casting: Iskenderun's Mystic Blast (safe; 1% risk of failure)
Confirm with . or Enter, or press ? or * to list all spells.
You can't see any susceptible monsters within range! (Use Z to cast anyway.) Unknown command.
Casting: Iskenderun's Mystic Blast (safe; 1% risk of failure)
Confirm with . or Enter, or press ? or * to list all spells.
You erupt in a blast of force!
The mystic blast hits something.
Casting: Iskenderun's Mystic Blast (safe; 1% risk of failure)
Confirm with . or Enter, or press ? or * to list all spells.
You erupt in a blast of force!
You hear some strange, mumbled words.
A lance of force appears from out of thin air!
The lance of force hits you!
You die...

#.... #....
##### #....
..... .....
.... #....
###..♣ #....
#.'(.# #....
#.†..# ....
#@# .. #.#
.. #.# #.#
#######
#....
#.####.....#
#....
#..........#
#....
#######'#'##
#.... #.#.#
#....
#†#.####....


There were no monsters in sight!

Vanquished Creatures
  An ice beast (D:8)
  3 phantoms
  4 orc warriors
  2 sky beasts
  A necrophage (D:8)
  2 ogres
  2 centaurs (D:8)
  2 bullfrogs
  3 scorpions
  A howler monkey (D:4)
  4 crimson imps
  5 jellies
  3 orc priests
  2 orc wizards (D:7)
  2 bullfrog skeletons
  8 hounds
  3 iguanas
  4 worker ants
  A killer bee zombie (D:6)
  A hound skeleton (D:8)
  A worker ant zombie (D:5)
  9 adders
  2 shadow imps
  2 adder zombies
  2 adder skeletons
  3 worms
  2 dart slugs
  4 leopard geckos
  27 orcs
  5 giant cockroaches
  5 goblins
  8 hobgoblins
  15 jackals
  9 kobolds
  3 quokkas
  A ball python (D:8)
  7 bats
  6 frilled lizards
  A jackal skeleton (D:6)
  A quokka skeleton (D:5)
  7 rats
174 creatures vanquished.

Notes
Turn   | Place    | Note
-------+----------+-------------------------------------------
     0 | D:1      | Elellon the Deep Elf Conjurer began the quest for the Orb.
     0 | D:1      | Reached XP level 1. HP: 10/10 MP: 6/6
    20 | D:1      | Noticed a minotaur skeleton
   380 | D:1      | Reached XP level 2. HP: 15/15 MP: 4/8
   741 | D:1      | Reached skill level 4 in Spellcasting
   877 | D:1      | You fall into a shaft and drop 1 floor!
   882 | D:2      | Reached skill level 5 in Conjurations
   882 | D:2      | Reached XP level 3. HP: 19/19 MP: 4/10
  1037 | D:2      | Learned a level 2 spell: Searing Ray
  1874 | D:3      | Found a basalt altar of Yredelemnul.
  2326 | D:3      | Reached XP level 4. HP: 24/24 MP: 7/12
  2475 | D:3      | Found a transporter.
  2475 | D:3      | Noticed anything's ghost (amateur DsMo)
  2477 | D:3      | Noticed an ogre
  2501 | D:3      | Found an ancient bone altar of Kikubaaqudgha.
  2637 | D:3      | Found a snail-covered altar of Cheibriados.
  2685 | D:3      | Found a glowing silver altar of Zin.
  2749 | D:3      | Found a transporter.
  2775 | D:3      | Reached skill level 5 in Spellcasting
  3350 | D:3      | Found a faded altar of an unknown god.
  3791 | D:4      | Reached XP level 5. HP: 19/28 MP: 8/15
  3938 | D:4      | Reached skill level 6 in Spellcasting
  4120 | D:4      | Learned a level 4 spell: Iskenderun's Mystic Blast
  4514 | D:4      | Noticed a phantom
  4520 | D:4      | Killed a phantom
  4520 | D:4      | Reached XP level 6. HP: 32/32 MP: 9/17
  4654 | D:4      | Found Juff's Distillery.
  4657 | D:4      | Bought a potion of heal wounds for 65 gold pieces
  4657 | D:4      | Bought a potion of curing for 39 gold pieces
  4707 | D:4      | Reached skill level 7 in Spellcasting
  5059 | D:5      | Entered Level 5 of the Dungeon
  5086 | D:5      | Reached XP level 7. HP: 36/36 MP: 15/19
  5170 | D:5      | Found a sacrificial altar of Ru.
  5363 | D:5      | Reached skill level 8 in Spellcasting
  6160 | D:6      | Reached skill level 9 in Spellcasting
  6160 | D:6      | Reached XP level 8. HP: 41/41 MP: 19/23
  6384 | D:6      | Reached skill level 1 in Translocations
  6518 | D:6      | Reached skill level 1 in Fighting
  6963 | D:7      | Learned a level 3 spell: Mephitic Cloud
  7138 | D:7      | Found a hide-covered altar of Uskayaw.
  7170 | D:7      | Reached skill level 1 in Poison Magic
  7405 | D:7      | Found a staircase to the Ecumenical Temple.
  7414 | Temple   | Entered the Ecumenical Temple
  7421 | Temple   | Became a worshipper of Vehumet
  7495 | D:7      | Found a stormy altar of Qazlal.
  7496 | D:7      | Found an iron altar of Okawaru.
  7744 | D:8      | Reached skill level 10 in Spellcasting
  7744 | D:8      | Reached XP level 9. HP: 40/49 MP: 6/25
  8199 | D:8      | Reached skill level 5 in Dodging
  8285 | D:8      | Found a blossoming altar of Fedhas.
  8869 | D:8      | Noticed Erica
  8879 | D:8      | Reached * piety under Vehumet
  8879 | D:8      | Offered knowledge of Sandblast by Vehumet.
  8881 | D:8      | Killed from afar by Erica

Levels and vault maps discovered:
D:1:      shiori_arrival_whats_in_store_for_you, layout_basic,
          minmay_misc_feat_five, item_on_display_a
D:2:      layout_loops_cross, first_ration
D:3:      minmay_razor_zed, layout_rooms, overflow_temple_1_default,
          lemuel_coloured_pillars_altar, lemuel_round_altar,
          lemuel_doored_altar, gammafunk_ghost_smash,
          chequers_ecumenical_altar_twisty, st_stairs_8, minmay_checkerbox
D:4:      layout_basic, serial_shops, kennysheep_mini
D:5:      layout_rooms, nicolae_ru_path_of_blood, minmay_pentangle
D:6:      layout_loops_ring, chequers_serial_rivers_micro_d
D:7:      layout_loops_ring, eat_drink_and_be_merry_uskayaw, minitemple,
          minmay_temple_entry_statues_fountains
D:8:      layout_basic, fedhas_bush_and_centaur_altar,
          kennysheep_generic_room_7, uniq_erica
Temple:   nicolae_temple_x_marks_the_god

Skill      XL: |  1  2  3  4  5  6  7  8  9 |
---------------+----------------------------+-----
Spellcasting   | 4 5 6 7 9 10 | 10.5
Conjurations   | 5 6 7 8 9 |  9.6
Translocations | 2 |  2.4
Dodging        | 4 5 |  5.3
Fighting       | 2 3 |  3.1
Poison Magic   | 1 3 |  3.2
Stealth        | |  2.4

Action                   |  1- 3 |  4- 6 |  7- 9 || total
-------------------------+-------+-------+-------++-------
 Cast: Magic Dart        |   100 |    81 |   138 ||   319
       Searing Ray       |       |    14 |    57 ||    71
       Iskenderun's Myst |       |       |     5 ||     5
  Use: Scroll            |       |       |     5 ||     5
  Eat: Chunk             |     4 |     8 |    11 ||    23
Armor: Robe              |     1 |     1 |    12 ||    14
Dodge: Dodged            |     4 |    10 |    33 ||    47

Table legend:
 A = Non-vault XP
 B = Vault XP
 C = Vault XP percentage of total XP
 D = Non-vault monster count
 E = Vault monster count
 F = Vault count percentage of total count
                 A         B        C        D         E       F
            +---------+---------+-------+---------+---------+-------
      Total |    3770 |     245 |   6.1 |     151 |      23 |  13.2
            +---------+---------+-------+---------+---------+-------
        D:1 |      40 |       0 |   0.0 |      21 |       0 |   0.0
        D:2 |      19 |       0 |   0.0 |       9 |       0 |   0.0
        D:3 |      76 |      45 |  37.2 |      20 |      18 |  47.4
        D:4 |     507 |       0 |   0.0 |      26 |       0 |   0.0
        D:5 |     495 |      87 |  14.9 |      13 |       3 |  18.8
        D:6 |     734 |       0 |   0.0 |      22 |       0 |   0.0
        D:7 |     673 |       0 |   0.0 |      22 |       0 |   0.0
        D:8 |    1226 |     113 |   8.4 |      18 |       2 |  10.0
            +---------+---------+-------+---------+---------+-------
